 Dungeon Crawl Stone Soup version 0.19-a0-368-g4db2635 (webtiles) character file.

9559 AlphabetPasta the Chucker (level 11, -8/81 HPs)
             Began as a Demonspawn Arcane Marksman on May 30, 2016.
             Was a High Priest of Cheibriados.
             Mangled by a molten gargoyle
             ... wielding a +0 morningstar
              (12 damage)
             ... on level 11 of the Dungeon.
             The game lasted 01:14:09 (10692 turns).

AlphabetPasta the Chucker (DsAM)                   Turns: 10692, Time: 01:14:09

Health: -8/81      AC: 33    Str: 27    XL:     11   Next: 24%
Magic:  17/17      EV:  8    Int: 31    God:    Cheibriados [*****.]
Gold:   885        SH: 10    Dex: 26    Spells: 5 memorised, 7 levels left

rFire  . . .     SeeInvis .     a - +8 trident of the Octopus King {venom, rElec rPois MR+}
rCold  . . .     Gourm    .     U - +8 orange crystal plate armour {Archmagi, Int+3 Clar SustAt}
rNeg   . . .     Faith    .     F - +0 buckler
rPois  +         Spirit   .     (helmet restricted)
rElec  +         Dismiss  .     u - +1 cloak
rCorr  .         Reflect  .     z - +1 pair of gloves
SustAt +         Harm     .     (no boots)
MR     +....     Clarity  +     (no amulet)
Stlth  ..........               k - ring of poison resistance
                                X - +5 ring of slaying

@: very slightly contaminated, very slow, somewhat resistant to hostile
enchantments, extremely unstealthy
A: horns 1, large bone plates 2, demonic guardian 1, rot immunity
a: Bend Time, Temporal Distortion, Slouch, Step From Time, Renounce Religion


You were on level 11 of the Dungeon.
You worshipped Cheibriados.
Cheibriados was extremely pleased with you.
You were not hungry.

You visited 2 branches of the dungeon, and saw 12 of its levels.
You also visited: Labyrinth and Sewer.

You collected 885 gold pieces.

Inventory:

Hand Weapons
 a - the +8 trident of the Octopus King (weapon) {venom, rElec rPois MR+}
   (You found it on level 4 of the Dungeon)

   It poisons the flesh of those it strikes.
   It insulates you from electricity.
   It protects you from poison.
   It affects your resistance to hostile enchantments.
 m - a +5 short sword
 W - a +0 blowgun
Missiles
 b - 101 poisoned needles
 g - 9 javelins (quivered)
 O - 3 javelins of penetration
Armour
 u - a +1 cloak (worn)
 z - a +1 pair of gloves (worn)
 F - a +0 buckler (worn)
 L - the +0 plate armour "Daffomni" {rElec rPois MP+9 Int+3}
   (You found it on level 5 of the Dungeon)

   It affects your intelligence (+3).
   It insulates you from electricity.
   It protects you from poison.
   It affects your magic capacity (+9).
 U - the +8 orange crystal plate armour (worn) {Archmagi, Int+3 Clar SustAt}
   (You found it on level 9 of the Dungeon)

   It affects your intelligence (+3).
   It sustains your strength, intelligence and dexterity.
   It protects you against confusion.
Rods
 x - a +0 rod of shadows (13/13)
   (You found it in a labyrinth)
 R - a +0 iron rod (14/14)
   (You found it on level 8 of the Dungeon)
Jewellery
 d - an uncursed ring of protection from cold {unknown}
 i - a cursed amulet of inaccuracy {unknown}
 j - an uncursed ring of stealth
 k - a ring of poison resistance (right hand)
 w - an uncursed ring of see invisible
 B - a +4 ring of protection
 X - a +5 ring of slaying (left hand)
Wands
 o - a wand of slowing (24/48)
 p - a wand of digging (0/24)
 s - a wand of flame (35/48)
 E - a wand of confusion (30/48)
 S - a wand of disintegration (7/24)
 T - a wand of iceblast (7/15)
Scrolls
 c - 2 scrolls of identify
 l - 3 scrolls of teleportation
 q - 2 scrolls of enchant weapon
 y - 2 scrolls of remove curse
Potions
 t - a potion of magic
 C - 2 potions of cure mutation
 D - a potion of resistance
 G - 4 potions of flight
 H - a potion of invisibility {unknown}
 I - a potion of ambrosia
 K - a potion of berserk rage {unknown}
 N - a potion of heal wounds {unknown}
 Y - 2 potions of curing
Books
 e - a book of Debilitation

   Spells                             Type                      Level
   a - Corona                         Hexes                        1
   b - Slow                           Hexes                        2
   c - Gell's Gravitas                Hexes/Translocation          3
   d - Inner Flame                    Hexes/Fire                   3
   e - Cause Fear                     Hexes                        4
   f - Leda's Liquefaction            Hexes/Earth                  4
 V - a book of Spatial Translocations

   Spells                             Type                      Level
   a - Apportation                    Translocation                1
   b - Blink                          Translocation                2
   c - Shroud of Golubria             Charms/Translocation         2
   d - Portal Projectile              Translocation                3
   e - Teleport Other                 Translocation                3
   f - Passage of Golubria            Translocation                4
Miscellaneous
 P - a fan of gales
Comestibles
 f - 7 bread rations
 n - 5 chunks of flesh
 A - 6 meat rations


   Skills:
 + Level 6.0 Fighting
   Level 1.2(3.7) Axes
 * Level 5.5(5.6) Polearms
 * Level 7.9 Throwing
 * Level 5.7 Armour
 - Level 5.0 Dodging
 + Level 4.0 Shields
 - Level 4.0 Spellcasting
 - Level 4.8 Hexes
 + Level 4.7 Translocations
 + Level 4.6 Invocations


You had 7 spell levels left.
You knew the following spells:

 Your Spells              Type           Power        Failure   Level  Hunger
a - Corona                Hex            ######.      52%         1    None
b - Gell's Gravitas       Hex/Tloc       ######....   97%         3    ##.....
c - Cause Fear            Hex            ######....   100%        4    ####...
d - Apportation           Tloc           ######....   52%         1    None
e - Blink                 Tloc           N/A          77%         2    None


Dungeon Overview and Level Annotations

Branches:
Dungeon (11/15)            Temple (1/1) D:7
   Lair: D:8-11         Orc: D:9-12

Altars:
Ashenzari
Cheibriados
Dithmenos
Elyvilon
Fedhas
Gozag
Hepliaklqana
Kikubaaqudgha
Makhleb
Nemelex Xobeh
Okawaru
Pakellas
Qazlal
Ru
Sif Muna
Trog
Ukayaw
Vehumet
Xom
Yredelemnul
Zin
The Shining One


Innate Abilities, Weirdness & Mutations

You have a pair of small horns on your head.
You are mostly covered in large bone plates. (AC +3, SH +3)
A weak demonic guardian rushes to your aid.
You are immune to rotting.


Message History

Blink to where?
Press: ? - help, Dir - move target cursor, p - molten gargoyle You are very lightly contaminated with residual magic.
As you read the scroll of blinking, it crumbles to dust.
As you read the scroll of teleportation, it crumbles to dust.
You feel strangely unstable.
You are confused.
You feel invigorated.
Your surroundings suddenly seem different.
The molten gargoyle blasts magma at you!
The bolt of magma hits you!
* * * LOW HITPOINT WARNING * * *
You feel better.
You feel less invigorated.
You fail to use your ability.
You hit the molten gargoyle.
The molten gargoyle is moderately damaged.
The molten gargoyle hits you with a morningstar!
* * * LOW HITPOINT WARNING * * *
You are engulfed in flames!
You die...

#..###.......#
#.###..###...#....
#..##.............
#....##.#.###.#.#
#..##..5#.# #.#.#
##..##5##.(#...#..
##...#..##.#..####.
#......###...## #.
##.@9)...##.[## #<
#...####..#..# #.
#..## ##.#..## #.
#.## #....<# #.
###.## #.#...# #.
#..≈§# #.#.#.# #.
##§≈≈# #.#.#.# #.
≈≈§## ###.#.#.# #.
§≈≈## #.....#.# #.


You could see a molten gargoyle and a friendly white imp.

Vanquished Creatures
  A minotaur (Lab)
  2 hill giants
  A troll (D:10)
  Grinder (D:3)
  A wyvern (D:11)
  2 wraiths (D:11)
  A steam dragon (D:4)
  A yak (D:11)
  A hippogriff (D:11)
  Grum (D:9)
  Duvessa (D:5)
  2 water moccasins
  4 orc warriors
  3 sky beasts
  4 ice beasts
  A wasp (D:10)
  7 ogres
  3 phantoms
  4 wolves (D:9)
  3 centaurs
  The ghost of alcopop the Chiller, an amateur HuIE (Sewer)
  2 big kobolds
  4 crocodiles
  A giant frog (D:6)
  Dowan (D:5)
  A water moccasin skeleton (D:8)
  4 scorpions
  14 killer bees
  2 howler monkeys
  5 crimson imps
  A hound (D:5)
  2 centaur skeletons
  3 centaur zombies
  2 jellies (D:5)
  An orc priest (D:6)
  4 giant frog skeletons
  Crazy Yiuf (D:2)
  6 iguanas
  Terence (D:3)
  Jessica (D:2)
  9 orc wizards
  12 worker ants
  4 hound zombies
  A hound skeleton (D:5)
  A worker ant zombie (D:11)
  Robin (D:2)
  11 adders
  5 river rats (D:11)
  3 shadow imps
  2 adder skeletons (D:5)
  4 dart slugs
  9 giant geckos
  53 orcs
  14 bats
  7 giant cockroaches
  19 goblins
  10 hobgoblins
  20 jackals
  12 kobolds
  5 quokkas
  2 ball pythons
  6 giant newts
  A quokka skeleton (D:4)
  13 rats
325 creatures vanquished.

Vanquished Creatures (collateral kills)
  A centaur skeleton (D:8)
  An eye of draining (D:10)
  An ogre (D:8)
  A giant frog skeleton (D:7)
  An orc priest (D:9)
  An adder (D:8)
  6 orcs
  2 bats
14 creatures vanquished.

Vanquished Creatures (others)
  3 fungi (D:11)
  2 plants (D:11)
5 creatures vanquished.

Grand Total: 344 creatures vanquished

Notes
Turn   | Place    | Note
--------------------------------------------------------------
     0 | D:1      | AlphabetPasta the Demonspawn Arcane Marksman began the quest for the Orb.
     0 | D:1      | Reached XP level 1. HP: 15/15 MP: 2/2
   159 | D:1      | Reached skill level 2 in Throwing
   418 | D:1      | Gained mutation: A weak demonic guardian rushes to your aid. [demonic ancestry]
   418 | D:1      | Reached XP level 2. HP: 15/21 MP: 3/3
   909 | D:1      | Reached XP level 3. HP: 22/26 MP: 5/5
  1633 | D:2      | Noticed Robin
  1637 | D:2      | Killed Robin
  1637 | D:2      | Reached XP level 4. HP: 32/33 MP: 6/6
  1684 | D:2      | Learned a level 3 spell: Gell's Gravitas
  1747 | D:2      | Reached skill level 3 in Throwing
  1806 | D:2      | Noticed Jessica
  1817 | D:2      | Killed Jessica
  1979 | D:2      | Noticed Crazy Yiuf
  1988 | D:2      | Killed Crazy Yiuf
  1988 | D:2      | Gained mutation: You are partially covered in large bone plates. (AC +2, SH +2) [demonic ancestry]
  1988 | D:2      | Reached XP level 5. HP: 19/38 MP: 4/7
  2399 | D:3      | Noticed Terence
  2410 | D:3      | Killed Terence
  2609 | D:3      | Reached skill level 1 in Armour
  2830 | D:3      | Noticed Grinder
  2843 | D:3      | Killed Grinder
  2843 | D:3      | Reached XP level 6. HP: 28/46 MP: 9/9
  3132 | D:4      | Noticed a steam dragon
  3147 | D:4      | Killed a steam dragon
  3147 | D:4      | Reached skill level 4 in Throwing
  3147 | D:4      | Reached skill level 1 in Translocations
  3147 | D:4      | Reached XP level 7. HP: 20/52 MP: 10/10
  4248 | D:5      | Entered Level 5 of the Dungeon
  4248 | D:5      | Noticed Dowan
  4251 | D:5      | Noticed Duvessa
  4261 | D:5      | Killed Duvessa
  4261 | D:5      | Reached skill level 1 in Axes
  4262 | D:5      | Killed Dowan
  4317 | D:5      | Found an oddly glowing altar of Pakellas.
  4347 | D:5      | Reached XP level 8. HP: 45/58 MP: 12/12
  4457 | D:5      | Got an obsidian-encrusted plate armour
  4468 | D:5      | Identified the cursed +0 plate armour "Daffomni" {rElec rPois MP+9 Int+3} (You found it on level 5 of the Dungeon)
  4678 | D:5      | Reached skill level 1 in Polearms
  5022 | D:6      | Reached skill level 5 in Throwing
  5192 | D:6      | Reached skill level 1 in Shields
  5275 | D:6      | Found a glowing drain.
  5284 | Sewer    | Entered a sewer
  5284 | Sewer    | Noticed alcopop's ghost (amateur HuIE)
  5298 | Sewer    | Killed alcopop's ghost
  5408 | D:6      | Gained mutation: You have a pair of small horns on your head. [demonic ancestry]
  5408 | D:6      | Reached XP level 9. HP: 65/65 MP: 14/14
  5553 | D:6      | Got an ichor-stained robe
  5564 | D:6      | Identified the +4 robe of the Ward {rF+ Dex+4} (You found it on level 6 of the Dungeon)
  6220 | D:7      | Learned a level 3 spell: Gell's Gravitas
  6357 | D:7      | Found a stormy altar of Qazlal.
  6391 | D:7      | Found a staircase to the Ecumenical Temple.
  6397 | Temple   | Entered the Ecumenical Temple
  6507 | Temple   | Became a worshipper of Cheibriados the Contemplative
  6832 | D:7      | Found a bloodstained altar of Trog.
  6835 | D:7      | Found a sparkling altar of Nemelex Xobeh.
  7076 | D:8      | Reached skill level 1 in Invocations
  7140 | D:8      | Reached skill level 6 in Throwing
  7143 | D:8      | Reached * piety under Cheibriados
  7261 | D:8      | Found a shadowy altar of Dithmenos.
  7514 | D:8      | Reached ** piety under Cheibriados
  7520 | D:8      | Learned a level 4 spell: Cause Fear
  7688 | D:8      | Reached skill level 5 in Dodging
  7913 | D:9      | Gained mutation: You are mostly covered in large bone plates. (AC +3, SH +3) [demonic ancestry]
  7913 | D:9      | Reached XP level 10. HP: 67/73 MP: 16/16
  7966 | D:9      | Learned a level 1 spell: Apportation
  7969 | D:9      | Learned a level 2 spell: Blink
  8086 | D:9      | Noticed Grum
  8103 | D:9      | Reached skill level 5 in Fighting
  8109 | D:9      | Reached *** piety under Cheibriados
  8114 | D:9      | Killed Grum
  8227 | D:10     | Entered Level 10 of the Dungeon
  8234 | D:10     | Found a snail-covered altar of Cheibriados.
  8573 | D:10     | Noticed a hill giant
  8580 | D:10     | Killed a hill giant
  8580 | D:10     | Reached **** piety under Cheibriados
  8580 | D:10     | Reached skill level 7 in Throwing
  8682 | D:10     | Reached skill level 5 in Armour
  8902 | D:10     | Reached skill level 5 in Polearms
  9080 | D:10     | Reached ***** piety under Cheibriados
  9217 | D:11     | Gained mutation: You are immune to rotting. [demonic ancestry]
  9217 | D:11     | Reached XP level 11. HP: 81/81 MP: 17/17
  9248 | D:11     | Noticed a hill giant
  9253 | D:11     | Killed a hill giant
  9350 | D:11     | Found a labyrinth entrance.
  9359 | Lab      | Entered a labyrinth
 10486 | Lab      | Noticed a minotaur
 10491 | Lab      | Killed a minotaur
 10493 | Lab      | Got a shimmering hand crossbow {elec}
 10516 | Lab      | Got an ancient scimitar
 10522 | D:11     | Identified the +7 scimitar of the Manifold Seas {vamp, *Contam rF+ MR+ Int+8} (You found it in a labyrinth)
 10692 | D:11     | HP: 4/81 [molten gargoyle/morningstar (13)]
 10692 | D:11     | Mangled by a molten gargoyle

Vault maps used:
D:1:      dpeg_arrival_round_c, hangedman_feature_mirror, minivault_11
D:2:      serial_bayou_pond_a, uniq_robin, uniq_crazy_yiuf_cottage, uniq_jessica
D:3:      kennysheep_generic_room_5, uniq_terence, uniq_grinder
D:4:      first_bread
D:5:      corner_web_ring, johnstein_pakellas_death_squad, uniq_duvessa
D:6:      portal_sewer_entry_f, minmay_crystal_room
D:7:      minitemple, grunt_qazlal_clouds, minmay_temple_entry_fiery
D:8:      overflow_temple_1_default
D:9:      uniq_grum
D:10:     special_room, basic_altar
D:11:     grunt_lair_entry_orc_guard_hut, erik_orc_1, lab_entry_generic,
          hangedman_ranch, kennysheep_opposing_triangles, uniq_harold
Temple:   kilobyte_greek_temple_18
Lab:      nicolae_lab_stuck, nicolae_lab_arrow, nicolae_lab_statue
Sewer:    sewer_big_baddie

Skill      XL: |  1  2  3  4  5  6  7  8  9 10 11 |
---------------+----------------------------------+-----
Throwing       | 2 3 4 5 6 7 |  7.9
Dodging        | 2 3 4 5 |  5.0
Fighting       | 2 3 4 5 6 |  6.0
Spellcasting   | 2 3 4 |  4.0
Armour         | 1 2 3 5 |  5.7
Translocations | 1 3 4 |  4.7
Hexes          | 4 |  4.8
Axes           | 1 |  1.2
Polearms       | 2 3 5 |  5.5
Shields        | 1 2 3 4 |  4.0
Invocations    | 2 4 |  4.6

Action                   |  1- 3 |  4- 6 |  7- 9 | 10-12 || total
-------------------------+-------+-------+-------+-------++-------
Melee: Unarmed           |   165 |       |       |       ||   165
       Short sword       |    37 |   140 |    64 |       ||   241
       Trident           |       |       |   299 |   302 ||   601
       Headbutt          |       |       |    24 |    72 ||    96
Throw: Javelin           |    25 |    24 |    28 |     6 ||    83
       Throwing net      |     2 |     1 |       |       ||     3
       Tomahawk          |       |       |     2 |       ||     2
Evoke: Wand              |       |       |       |     1 ||     1
  Use: Scroll            |       |     7 |    11 |     8 ||    26
       Potion            |       |       |     2 |     3 ||     5
 Stab: Distracted        |       |     1 |     2 |       ||     3
       Sleeping          |       |       |     4 |       ||     4
  Eat: Chunk             |     3 |     5 |     9 |     1 ||    18
       Beef jerky        |       |       |     1 |     1 ||     2
       Royal jelly       |       |       |     1 |       ||     1
       Pizza             |       |       |     2 |     1 ||     3
       Fruit             |       |       |       |    10 ||    10
Armor: Scale mail        |    99 |    61 |    88 |       ||   248
       Robe              |     6 |       |    30 |       ||    36
       Crystal plate arm |       |       |     6 |   128 ||   134
Dodge: Dodged            |   109 |    61 |   138 |    62 ||   370
Block: Other             |       |     4 |     8 |       ||    12
       Buckler           |       |       |    52 |   102 ||   154
